 Dungeon Crawl Stone Soup version 0.30.0-3-ga4e48a9924 (webtiles) character file.

Game seed: 4766685501227391918

30 LustLizard the Digger (level 3, 0/30 HPs)
             Began as a Gargoyle Earth Elementalist on May 8, 2023.
             Slain by Robin
             ... wielding a +0 whip of flaming
              (1 damage)
             ... on level 2 of the Dungeon.
             The game lasted 00:02:12 (923 turns).

LustLizard the Digger (Gargoyle Earth Elementalist)  Turns: 923, Time: 00:02:13

Health: 0/30       AC: 21    Str: 11    XL:     3   Next: 18%
Magic:  0/6        EV:  2    Int: 17    God:
Gold:   55         SH:  0    Dex: 10    Spells: 5/6 levels left

rFire   . . .        e - +0 club
rCold   . . .        (no shield)
rNeg    + . .        a - melded +0 robe
rPois   ∞            (helmet currently unavailable)
rElec   .            f - melded +1 cloak {Will+}
rCorr   .            (gloves currently unavailable)
SInv    .            (boots currently unavailable)
Will    .....        (no amulet)
Stlth   ++           (no ring)
HPRegen 0.25/turn    (no ring)
MPRegen 0.10/turn

%: no passive effects
@: tree-form, very slightly contaminated
A: stationary, stasis, torment immunity, boosted hp, sickness immunity, AC +3,
negative energy resistance 1, (electricity resistance), torment resistance 1,
petrification resistance
a: no special abilities


You were on level 2 of the Dungeon.
You were a tree.
You visited 1 branch of the dungeon, and saw 2 of its levels.

You collected 55 gold pieces.

Inventory:

Hand Weapons
 e - a +0 club (weapon)
Missiles
 i - 4 atropa-tipped darts
Armour
 a - a +0 robe (melded)
 f - a +1 cloak of willpower (melded)
Scrolls
 c - 2 scrolls of teleportation {unknown}
 h - a scroll of silence {unknown}
 k - a scroll of poison {unknown}
 m - a scroll of amnesia {unknown}
Potions
 b - a potion of magic
 d - a potion of attraction
 l - a potion of cancellation


   Skills:
 + Level 1.1 Fighting
 - Level 1.5 Dodging
 + Level 2.7 Stealth
 + Level 2.3 Spellcasting
 - Level 0.7 Transmutations
 * Level 4.2 Earth Magic


You had 5 spell levels left.
You knew the following spells:

 Your Spells              Type           Power      Damage    Failure   Level
a - Sandblast             Erth           32%        2d9       3%          1

Your spell library contained the following spells:

 Spells                   Type           Power      Damage    Failure   Level
 Passwall                 Tmut/Erth      8%         N/A       11%         2
 Summon Small Mammal      Summ           4%         N/A       19%         1
 Stone Arrow              Conj/Erth      18%        3d8       24%         3
 Call Canine Familiar     Summ           1%         N/A       50%         3
 Summon Guardian Golem    Hex/Summ       1%         N/A       50%         3
 Petrify                  Tmut/Erth      10%        N/A       56%         4


Dungeon Overview and Level Annotations

Branches:
Dungeon (2/15)

Altars:

Annotations:
D:2 Robin


Innate Abilities, Weirdness & Mutations

You are a tree.
Your roots penetrate the ground, keeping you stationary.
You cannot be teleported.
You are immune to unholy pain and torment.
Your maximum health is greatly increased.
Your equipment is partially melded.
You are immune to sickness and miasma.
((Your stone body is resilient. (AC +3)))
You are immune to poison.
You resist negative energy. (rN+)
((You are resistant to electric shocks. (rElec)))
You are resistant to unholy torment.
You are immune to petrification.


Message History

Robin is almost dead.
Robin hits you but does no damage.
You hit Robin.
Robin is almost dead.
Robin hits you but does no damage.
You closely miss Robin.
Robin is almost dead.
Robin hits you but does no damage. x2
You hit Robin but do no damage.
Robin is almost dead.
Robin hits you but does no damage.
You hit Robin.
Robin is almost dead.
Robin hits you but does no damage.
Aiming: Sandblast (safe; 3% risk of failure)
Press: ? - help, Q - select action, (/) - cycle Shift-Dir - straight line, f/p - Robin
Aim: Robin, wielding a +0 whip of flaming, wearing a +0 animal skin and wearing a +0 helmet (almost dead, 87% to hit)
You miscast Sandblast.
You are very lightly contaminated with residual magic.
Nothing appears to happen.
Robin hits you with a +0 whip of flaming.
* * * LOW HITPOINT WARNING * * *
Robin burns you.
* * * LOW HITPOINT WARNING * * *
You don't have enough magic to cast this spell.
Unknown command.
You closely miss Robin.
Robin is almost dead.
The hobgoblin no longer looks unusually strong.
Robin hits you with a +0 whip of flaming.
* * * LOW HITPOINT WARNING * * *
Robin burns you.
* * * LOW HITPOINT WARNING * * *
Robin hits you but does no damage.
You barely miss Robin.
Robin is almost dead.
Robin hits you with a +0 whip of flaming.
* * * LOW HITPOINT WARNING * * *
Robin burns you.
You die...

######## #.g..g.g
#.###### #.#
#################.#
##
.......♣gg..)†....#
#.
###################
#. #. ... #.#. #.#.
# #. ##


You could see Robin and a hobgoblin.

Vanquished Creatures
  A dart slug (D:1)
  2 ball pythons
  An endoplasm (D:1)
  7 goblins
  6 hobgoblins
  2 quokkas (D:1)
  3 bats (D:1)
  A kobold (D:1)
23 creatures vanquished.

Vanquished Creatures (others)
  A fungus (D:2)
  6 plants (D:2)
7 creatures vanquished.

Grand Total: 30 creatures vanquished

Notes
Turn   | Place    | Note
-------+----------+-------------------------------------------
     0 | D:1      | LustLizard the Gargoyle Earth Elementalist began the quest
                  | for the Orb.
     0 | D:1      | Reached XP level 1. HP: 10/10 MP: 3/3
   221 | D:1      | Reached XP level 2. HP: 16/16 MP: 1/5
   323 | D:1      | Reached skill level 4 in Earth Magic
   855 | D:2      | Noticed Robin
   863 | D:2      | Reached skill level 1 in Fighting
   887 | D:2      | Reached XP level 3. HP: 18/20 MP: 2/6
   908 | D:2      | HP: 1/20 [Robin/+0 whip of flaming (2)]
   923 | D:2      | HP: 1/30 [Robin/+0 whip of flaming (1)]
   923 | D:2      | Slain by Robin

Illustrated notes

Levels and vault maps discovered:
D:1:      tarquinn_simple_flora_water_e, layout_loops_ring, serial_bayou,
          serial_bayou_pond_d, serial_bayou_pond_e, serial_bayou_pond_e,
          serial_bayou_lagoon_b
D:2:      wad_river_or_something, layout_basic, serial_forest,
          infiniplex_forest_clump_cross, infiniplex_forest_clump_double,
          infiniplex_forest_clump_small, infiniplex_forest_clump_double,
          shapermc_ecumenical_altar_acropolis, uniq_robin

Skill      XL: |  1  2 |
---------------+-------+-----
Earth Magic    | 4 |  4.2
Fighting       | 1 |  1.1
Dodging        | |  1.5
Stealth        | |  2.7
Spellcasting   | |  2.3
Transmutations | |  0.7

Action                     || total
---------------------------++-------
  Melee: Unarmed           ||     6
         Club              ||    22
         Punch             ||     2
   Cast: Sandblast         ||    28
    Use: Potion            ||     4
 Armour: Robe              ||    15
         Skin              ||    12
  Dodge: Dodged            ||    27
